Map: Miner Evacuation

Players

monk

  • Race: Protoss Protoss
  • Spawn Location: 7:00

sTkmonk

  • Race: Terran Terran
  • Spawn Location: 7:00

VOD

Have the link to the VOD?

Description

Time

  • Played on: June 12, 2017, 7:03 a.m.
  • Length: 29:28
Show
View Real Time Build Order
Export as new Build Order

monk Protoss 

Build Orders:  

Get SALT Encoding   

  12  0:00  Probe (Chrono Boost)  
  13  0:13  Probe (Chrono Boost)  
  14  0:25  Probe (Chrono Boost)  
  15  0:32  Pylon  
  15  0:37  Probe (Chrono Boost)  
  16  0:48  Assimilator  
  16  0:49  Probe (Chrono Boost)  
  17  1:01  Probe (Chrono Boost)  
  17  1:07  Assimilator  
  18  1:13  Probe (Chrono Boost)  
  19  1:25  Probe (Chrono Boost)  
  20  1:33  Gateway  
  20  1:37  Probe (Chrono Boost)  
  20  1:49  Probe (Chrono Boost)  
  21  1:54  Pylon  
  22  2:01  Probe (Chrono Boost)  
  23  2:11  Solar Efficiency Level 1  
  23  2:13  Probe (Chrono Boost)  
  24  2:25  Probe (Chrono Boost)  
  25  2:37  Probe (Chrono Boost)  
  25  2:48  Forge  
  18  2:50  Probe (Chrono Boost)  
  26  2:56  Sentinel (Chrono Boost)  
  27  3:04  Probe (Chrono Boost)  
  30  3:45  Pylon  
  30  3:47  Photon Cannon  
  30  3:57  Photon Cannon  
  30  4:19  Photon Cannon  
  30  4:30  Pylon  
  30  4:35  Photon Cannon  
  30  4:37  Photon Cannon  
  30  4:39  Photon Cannon  
  30  4:54  Photon Cannon  
  30  5:18  Photon Cannon  
  30  5:31  Pylon  
  28  6:08  Cybernetics Core  
  28  6:18  Pylon  
  28  6:19  Photon Cannon  
  28  6:21  Photon Cannon  
  28  6:23  Photon Cannon  
  28  7:08  Stargate  
  28  7:32  Nexus  
  28  7:36  Assimilator  
  28  7:37  Probe  
  28  7:40  Twilight Council  
  29  7:52  Probe  
  30  8:01  Stargate  
  30  8:07  Probe  
  30  8:09  Fleet Beacon  
  31  8:17  Assimilator  
  31  8:22  Probe  
  31  8:24  Protoss Air Weapons Level 1  
  32  8:36  Probe  
  33  8:42  Carrier  
  33  8:46  Carrier  
  33  8:51  Probe  
  34  9:06  Probe  
  35  9:19  Carrier  
  41  9:39  Probe  
  47  9:41  Probe  
  49  9:51  Probe  
  49  9:56  Probe  
  51  10:03  Probe  
  52  10:11  Probe  
  52  10:15  Probe  
  53  10:22  Probe  
  55  10:36  Pylon, Probe  
  55  10:37  Probe  
  55  10:38  Probe  
  61  10:57  Probe  
  64  11:00  Probe, Photon Cannon  
  64  11:09  Probe  
  66  11:13  Photon Cannon  
  66  11:17  Probe  
  68  11:21  Probe  
  68  11:23  Rapid Recharging  
  68  11:26  Carrier  
  69  11:41  Fortification Barrier  
  75  11:54  Protoss Air Weapons Level 2 (Chrono Boost)  
  75  12:00  Carrier  
  75  12:05  Photon Cannon  
  75  12:07  Photon Cannon  
  75  12:17  Solar Efficiency Level 3  
  75  12:19  Solar Efficiency Level 2  
  81  12:26  Photon Cannon  
  81  12:30  Shield Battery  
  81  12:34  Shield Battery  
  81  12:50  Carrier  
  81  12:58  Carrier  
  81  13:38  Probe  
  81  13:39  Probe  
  83  13:42  Carrier  
  85  14:00  Probe  
  85  14:01  Probe, Pylon  
  85  14:02  Pylon  
  87  14:14  Probe  
  94  14:29  Probe  
  94  14:39  Pylon  
  94  14:42  Protoss Air Weapons Level 3 (Chrono Boost), Photon Cannon  
  101  15:39  Photon Cannon x2  
  101  16:00  Carrier  
  100  16:14  Pylon  
  100  16:15  Carrier, Pylon  
  106  16:21  Pylon, Photon Cannon  
  106  16:23  Photon Cannon  
  106  16:24  Photon Cannon  
  106  16:26  Photon Cannon  
  106  16:37  Photon Cannon  
  106  16:38  Optimized Ordinance (Chrono Boost)  
  112  16:46  Phase Detonation  
  112  17:06  Carrier x2  
  112  17:35  Pylon  
  112  17:38  Photon Cannon  
  112  17:39  Photon Cannon  
  112  17:43  Photon Cannon  
  112  17:47  Photon Cannon  
  112  17:48  Photon Cannon  
  112  17:53  Photon Cannon  
  112  17:55  Photon Cannon  
  112  18:02  Shield Battery  
  112  18:03  Shield Battery  
  112  18:06  Shield Battery  
  112  18:21  Shield Battery  
  123  18:44  Enhanced Targeting (Chrono Boost)  
  123  19:06  Pylon x2  
  123  19:19  Carrier  
  129  19:46  Carrier  
  129  20:01  Pylon  
  129  20:04  Photon Cannon  
  129  20:09  Photon Cannon  
  135  20:11  Photon Cannon  
  135  20:14  Photon Cannon  
  135  20:17  Shield Battery  
  135  20:42  Advanced Repair Systems  
  135  20:43  Pylon  
  135  20:45  Protoss Shields Level 1 (Chrono Boost), Photon Cannon  
  135  20:47  Photon Cannon  
  135  21:08  Shield Battery, Carrier (Chrono Boost)  
  135  21:14  Photon Cannon  
  141  21:21  Carrier (Chrono Boost)  
  141  21:25  Photon Cannon x2  
  141  21:28  Shield Battery  
  141  21:29  Repair Drones  
  141  21:40  Carrier (Chrono Boost)  
  141  21:41  Carrier (Chrono Boost)  
  147  22:01  Pylon  
  147  22:03  Pylon  
  147  23:40  Photon Cannon  
  147  23:42  Photon Cannon  
  147  24:11  Carrier (Chrono Boost)  
  147  24:18  Carrier (Chrono Boost)  
  153  24:27  Pylon  
  153  24:29  Pylon  
  159  24:33  Pylon  
  159  24:34  Protoss Shields Level 2  
  159  25:29  Pylon  
  159  25:33  Photon Cannon  
  159  25:35  Photon Cannon  
  159  25:36  Carrier (Chrono Boost)  
  159  25:37  Photon Cannon  
  159  25:40  Pylon  
  159  25:55  Photon Cannon  
  159  25:56  Carrier (Chrono Boost), Photon Cannon  
  159  25:58  Photon Cannon  
  165  26:00  Photon Cannon  
  165  26:07  Photon Cannon  
  165  26:08  Carrier (Chrono Boost)  
  165  26:09  Shield Battery  
  171  26:14  Photon Cannon  
  171  26:15  Photon Cannon  
  171  26:18  Photon Cannon  
  171  26:26  Carrier (Chrono Boost)  
  171  27:00  Photon Cannon  
  171  27:02  Photon Cannon  
  171  27:06  Shield Battery  
  171  27:07  Shield Battery  
  171  27:16  Pylon  
  177  27:24  Shield Battery  
  177  27:27  Photon Cannon  
  177  27:29  Shield Battery  
  177  27:32  Photon Cannon  
  177  27:33  Photon Cannon  
  177  27:34  Photon Cannon  
Show
View Real Time Build Order
Export as new Build Order

sTkmonk Terran 

Build Orders:  

Get SALT Encoding   

Tags
 
Add a new tag
Caveats
  • Supply blocks, unpowered buildings, or Contaminate may cause inaccurate times.
  • Supply counts are checked every 10 seconds.